 Dungeon Crawl Stone Soup version 0.28-a0-1227-ga9037bb4c8 (webtiles) character file.

Game seed: 15927283621232685440

200382 karrick the Blocker (level 18, 0/146 HPs)
             Began as a Gnoll Fighter on Dec 20, 2021.
             Was the Champion of Okawaru.
             Blown up by an orb spider (59 damage)
             ... with an orb of destruction
             ... on level 4 of the Spider Nest on Dec 23, 2021.
             The game lasted 02:26:38 (53118 turns).

karrick the Blocker (Gnoll Fighter)                Turns: 53118, Time: 02:26:38

Health: 0/146      AC: 26    Str: 24    XL:     18   Next: 95%
Magic:  18/25      EV: 27    Int: 15    God:    Okawaru [******]
Gold:   3946       SH:  5    Dex: 25    Spells: 32/42 levels left

rFire   + . .      SeeInvis +   u - +8 battleaxe (vamp)
rCold   + . .      Faith    .   (shield currently unavailable)
rNeg    . . .      Spirit   .   P - +0 swamp dragon scales
rPois   +          Reflect  +   Z - +1 helmet of Light {MP-9 Dex+4 SInv}
rElec   +          Harm     .   h - +1 cloak "Tishrokigir" {rElec rF+ Str+3 Int+2}
rCorr   .          Rampage  .   r - +2 pair of gloves {infuse}
Will    ++...                   a - +2 pair of boots {Fly}
Stlth   +++++++...              y - amulet of Dooxihip {Reflect Will+ Str+3 SH+5}
HPRegen 0.34/turn               t - ring "Luch" {Dex+7 SInv}
MPRegen 0.19/turn               Q - ring of Xauhucai {rC+ Str+2}

@: heroic, flying, studying Fire Magic
A: fangs 1, strong nose, distributed training
a: Renounce Religion, Heroism, Finesse, Duel


You were on level 4 of the Spider Nest.
You worshipped Okawaru.
Okawaru was exalted by your worship.
You visited 7 branches of the dungeon, and saw 33 of its levels.
You also visited: Gauntlet and Ice Cave.

You collected 5110 gold pieces.
You spent 1164 gold pieces at shops.

Inventory:

Hand Weapons
 u - a +8 vampiric battleaxe (weapon)
 F - the +11 broad axe of the Hidden Teeth {freeze, +Blink rF+ SInv}
   (You took it off a minotaur in a Gauntlet)

   It freezes those it strikes, dealing additional cold damage.
   It can also slow down cold-blooded creatures.
   rF:        It protects you from fire.
   SInv:      It lets you see invisible.
   +Blink:    It lets you blink.
 R - the +11 spear "Uwoub" {vorpal, rC+ Str+4}
   (You found it on level 10 of the Dungeon)

   It inflicts extra damage upon your enemies.
   Str:       It affects your strength (+4).
   rC:        It protects you from cold.
 U - the +11 quarterstaff of Okawaru's Reproof {holy, rPois rC- rCorr Str+6}
   (Okawaru gifted it to you on level 13 of the Dungeon)

   It has been blessed by the Shining One to cause great damage to the undead
   and demons.
   Str:       It affects your strength (+6).
   rC:        It makes you vulnerable to cold.
   rPois:     It protects you from poison.
   rCorr:     It protects you from acid and corrosion.
 W - the +11 battleaxe "Dragonbane" {venom, rPois Str+2 Int-3}
   (You found it in a Gauntlet)

   It poisons the flesh of those it strikes.
   Str:       It affects your strength (+2).
   Int:       It affects your intelligence (-3).
   rPois:     It protects you from poison.
Missiles
 b - 2 silver javelins (quivered)
Armour
 a - a +2 pair of boots of flying (worn)
 c - the +2 pair of gloves of Madghallu {Will- Dex+4 Stlth+}
   (Okawaru gifted it to you on level 6 of the Lair of Beasts)

   Dex:       It affects your dexterity (+4).
   Will:      It decreases your willpower.
   Stlth:     It makes you more stealthy.
 h - the +1 cloak "Tishrokigir" (worn) {rElec rF+ Str+3 Int+2}
   (You acquired it on level 15 of the Dungeon)

   Str:       It affects your strength (+3).
   Int:       It affects your intelligence (+2).
   rF:        It protects you from fire.
   rElec:     It insulates you from electricity.
 j - a scarf of invisibility
 l - a +2 pair of boots of rampaging
 o - the +0 tower shield "Udalal" {+Blink +Inv rElec Str+2}
   (You acquired it on level 1 of the Shoals)

   Str:       It affects your strength (+2).
   rElec:     It insulates you from electricity.
   +Inv:      It lets you turn invisible.
   +Blink:    It lets you blink.
 r - a +2 pair of gloves of infusion (worn)
 I - +0 steam dragon scales
 N - +0 pearl dragon scales
 P - +0 swamp dragon scales (worn)
 Z - the +1 helmet of Light (worn) {MP-9 Dex+4 SInv}
   (Okawaru gifted it to you on level 1 of the Spider Nest)

   Dex:       It affects your dexterity (+4).
   MP:        It affects your magic capacity (-9).
   SInv:      It lets you see invisible.
Jewellery
 p - the ring "Ytoux" {rPois rN+ Str+4 Int-2 Slay+5}
   (You found it in an ice cave)

   [ring of positive energy]

   Str:       It affects your strength (+4).
   Int:       It affects your intelligence (-2).
   Slay:      It affects your accuracy & damage with ranged weapons and melee
   (+5).
   rPois:     It protects you from poison.
   rN:        It protects you from negative energy.
 t - the ring "Luch" (left hand) {Dex+7 SInv}
   (You found it in a Gauntlet)

   [ring of see invisible]

   Dex:       It affects your dexterity (+7).
   SInv:      It lets you see invisible.
 y - the amulet of Dooxihip (around neck) {Reflect Will+ Str+3 SH+5}
   (You found it on level 10 of the Dungeon)

   [amulet of reflection]

   It reflects blocked missile attacks.
   Str:       It affects your strength (+3).
   SH:        It affects your SH (+5).
   Will:      It increases your willpower.
 B - a +4 ring of protection
 G - the ring of the Demon Prince {rElec rC+ Str-4 Dex+4}
   (You found it in a Gauntlet)

   [ring of protection from cold]

   Str:       It affects your strength (-4).
   Dex:       It affects your dexterity (+4).
   rC:        It protects you from cold.
   rElec:     It insulates you from electricity.
 H - a ring of willpower
 Q - the ring of Xauhucai (right hand) {rC+ Str+2}
   (You found it on level 3 of the Lair of Beasts)

   [ring of protection from cold]

   Str:       It affects your strength (+2).
   rC:        It protects you from cold.
Wands
 i - a wand of mindburst (27)
 z - a wand of polymorph (16)
 L - a wand of digging (13)
Scrolls
 e - 5 scrolls of identify
 f - 3 scrolls of torment
 g - 4 scrolls of teleportation
 k - 11 scrolls of magic mapping
 n - 3 scrolls of silence
 s - 4 scrolls of fog
 w - 4 scrolls of amnesia
 x - 3 scrolls of enchant weapon
 D - 2 scrolls of fear
 K - 3 scrolls of vulnerability
 M - 5 scrolls of brand weapon
 O - 2 scrolls of enchant armour
 T - a scroll of holy word
Potions
 d - 3 potions of might
 m - 5 potions of mutation
 q - 9 potions of brilliance
 v - 3 potions of magic
 A - 2 potions of attraction
 C - 13 potions of ambrosia
 E - a potion of heal wounds
 J - 2 potions of lignification
 S - 3 potions of cancellation
 V - 8 potions of curing
 X - 5 potions of haste
Miscellaneous
 Y - a lightning rod (4/4)


   Skills:
 + Level 14.2(19.2) Fighting
 + Level 12.7(17.7) Short Blades
 + Level 12.7(17.7) Long Blades
 + Level 13.5(18.5) Axes
 + Level 12.7(17.7) Maces & Flails
 + Level 12.7(17.7) Polearms
 + Level 12.7(17.7) Staves
 + Level 12.7(17.7) Slings
 + Level 12.7(17.7) Bows
 + Level 12.7(17.7) Crossbows
 + Level 12.7(17.7) Throwing
 + Level 14.2(19.2) Armour
 + Level 12.7(17.7) Dodging
 + Level 12.7(17.7) Stealth
 + Level 14.2(19.2) Shields
 + Level 12.7(17.7) Unarmed Combat
 + Level 12.7 Spellcasting
 + Level 10.8 Conjurations
 + Level 10.8 Hexes
 + Level 10.8 Summonings
 + Level 10.8 Necromancy
 + Level 10.8 Translocations
 + Level 10.8 Transmutations
 + Level 11.7 Fire Magic
 + Level 10.8 Ice Magic
 + Level 10.8 Air Magic
 + Level 10.8 Earth Magic
 + Level 10.8 Poison Magic
 + Level 13.8 Invocations
 + Level 12.7 Evocations


You had 32 spell levels left.
You knew the following spells:

 Your Spells              Type           Power      Damage    Failure   Level
a - Blink                 Tloc           84%        N/A       1%          2
b - Manifold Assault      Tloc           42%        N/A       3%          5
c - Teleport Other        Tloc           42%        N/A       1%          3

Your spell library contained the following spells:

 Spells                   Type           Power      Damage    Failure   Level
 Pain                     Necr           100%       1d9       1%          1
 Shock                    Conj/Air       100%       1d9       1%          1
 Ensorcelled Hibernation  Hex/Ice        84%        N/A       1%          2
 Gell's Gravitas          Tloc           42%        N/A       1%          3
 Lesser Beckoning         Tloc           42%        N/A       1%          3
 Ozocubu's Armour         Ice            42%        N/A       1%          3
 Portal Projectile        Hex/Tloc       84%        N/A       1%          3
 Spider Form              Tmut/Pois      42%        N/A       1%          3
 Swiftness                Air            42%        N/A       1%          3
 Airstrike                Air            21%        N/A       1%          4
 Ice Form                 Ice/Tmut       42%        N/A       1%          4
 Leda's Liquefaction      Hex/Erth       21%        N/A       1%          4
 Agony                    Necr           42%        N/A       3%          5
 Alistair's Intoxication  Tmut/Pois      28%        N/A       3%          5
 Blade Hands              Tmut           21%        N/A       3%          5
 Borgnjor's Vile Clutch   Necr/Erth      21%        N/A       3%          5
 Excruciating Wounds      Necr           21%        N/A       3%          5
 Conjure Ball Lightning   Conj/Air       21%        3x3d6     17%         6
 Eringya's Noxious Bog    Tmut/Pois      21%        N/A       17%         6
 Iron Shot                Conj/Erth      21%        9d5       17%         6
 Ozocubu's Refrigeration  Ice            21%        4d9       67%         7
 Discord                  Hex            21%        N/A       100%        8
 Disjunction              Tloc           21%        N/A       100%        8
 Polar Vortex             Ice            21%        N/A       100%        9
 Call Canine Familiar     Summ           Unusable   N/A       N/A         3
 Animate Armour           Summ/Erth      Unusable   N/A       N/A         4

Dungeon Overview and Level Annotations

Branches:
Dungeon (15/15)            Temple (1/1) D:6            Lair (6/6) D:9
 Shoals (4/4) Lair:3       Spider (4/4) Lair:4        Slime (0/5) Lair:6
    Orc (2/2) D:11            Elf (1/3) Orc:2        Vaults (0/5) D:14
 Depths (0/4) D:15          IceCv (visited)         Gauntlet (visited)

Altars:
Ashenzari
Cheibriados
Dithmenos
Elyvilon
Fedhas
Gozag
Hepliaklqana
Kikubaaqudgha
Makhleb
Nemelex Xobeh
Okawaru
Qazlal
Ru
Sif Muna
Trog
Uskayaw
Vehumet
Wu Jian
Xom
Yredelemnul
Zin
The Shining One
Beogh

Shops:
D:2 ?   D:6 ?   Orc:2 (:**

Portals:
Pandemonium: Orc:2

Annotations:
D:10 Josephine
D:15 3 runed translucent doors, Ujot's ghost, journeyman DsGl
Spider:2 Arachne


Innate Abilities, Weirdness & Mutations

You have very sharp teeth.
Your uncanny sense of smell can sniff out nearby items.
Your experience applies equally to all skills.


Message History

The orb spider is lightly wounded.
The orb spider begins to weave its threads into a brightly glowing ball.
You barely miss the orb spider.
The orb spider is lightly wounded.
The orb spider weaves a glowing orb of energy.
An orb of destruction comes into view.
The orb spider weaves a glowing orb of energy.
The wavering orb of destruction weakly hits you.
The orb spider begins to weave its threads into a brightly glowing ball.
The orb of destruction hits a rock wall.
The orb spider weaves a glowing orb of energy.
An orb of destruction comes into view.
You see here 11 gold pieces.
You barely miss the orb spider. Your bite misses the orb spider.
The orb spider is severely wounded.
You hit the orb spider.
The orb spider spins a strand of pure energy.
The wavering orb of destruction hits the orb spider!!
You hear an angry hiss.
You hit the orb spider. You bite the orb spider.
The orb spider is almost dead.
The orb spider weaves a glowing orb of energy.
The wavering orb of destruction weakly hits you!
The orb spider weaves a glowing orb of energy.
An orb of destruction comes into view.
You closely miss the orb spider.
The orb spider is severely wounded.
The wavering orb of destruction hits you!!
The orb spider spins a strand of pure energy.
The orb spider weaves a glowing orb of energy.
The wavering orb of destruction weakly hits you.
You hit the orb spider but do no damage.
The orb spider is severely wounded.
You barely miss the orb spider. Your bite misses the orb spider.
The orb spider is severely wounded.
The orb spider spins a strand of pure energy. x2
The orb spider weaves a glowing orb of energy.
An orb of destruction comes into view.
The orb of destruction hits you!!!
You die...

∆ ####+++####
##...s^$..s####
....s.○.s...:^### .
......○.........# ..
..####○....#...###...
. #.@☼.##^..#.......
#.##s^#.##..$...# #.
...###...#....#
.....^..#...# ^###
....#....#^.^# .. ∆
∆.....#....#...# .
.#^#..##...#...# .
..###. ^..#/.^###..
##.......#


You could see 3 orb spiders.

Vanquished Creatures
  A titan (Shoals:1)
  A kraken (Shoals:2)
  3 orc warlords
  5 ghost moths
  A dire elephant (Lair:3)
  A minotaur (Gauntlet)
  4 entropy weavers
  A spark wasp (Spider:2)
  A merfolk javelineer (Shoals:2)
  The ghost of Koromur the Impaler, a journeyman DrDe of Wu Jian (D:12)
  Snorg (Orc:1)
  An ettin (D:14)
  4 merfolk impalers
  A deep elf high priest (D:14)
  An ice dragon (Lair:6)
  Harold (Orc:1)
  11 boulder beetles
  2 rakshasas (D:14)
  13 hydras
  4 catoblepae
  An ogre mage (D:14)
  A demonspawn (Orc:2)
  2 merfolk aquamancers
  4 merfolk avatars
  An alligator (Lair:3)
  4 death knights
  8 two-headed ogres
  7 centaur warriors
  5 death yaks (Lair:4)
  9 orc high priests
  2 deep elf knights
  A sun demon (Orc:2)
  A sixfirhy (Orc:2)
  6 skeletal warriors
  3 sea snakes
  A deep elf archer (D:14)
  2 lindwurms (Lair:6)
  An obsidian statue (D:12)
  A necromancer (IceCv)
  8 orc knights
  17 harpies
  16 wolf spiders
  8 deep elf zephyrmancers
  6 deep elf pyromancers
  6 orb spiders
  An oklob plant (Lair:3)
  9 orc sorcerers
  12 manticores
  A salamander (D:15)
  6 ugly things
  10 cyclopes
  A moth of wrath (Spider:1)
  A manticore (shapeshifter) (D:14)
  16 elephants
  A black mamba (Lair:4)
  6 merfolk sirens
  Joseph (D:9)
  A gargoyle (D:11)
  Maggie (D:9)
  13 cane toads
  An ice statue (IceCv)
  A rust devil (Orc:2)
  6 torpor snails
  A kobold demonologist (D:10)
  2 efreet
  6 freezing wraiths
  14 komodo dragons
  6 rime drakes
  12 demonic crawlers
  3 yaktaurs (D:15)
  3 tengu conjurers (D:13)
  15 ice devils (IceCv)
  A red devil (Orc:2)
  4 entropy weaver simulacra (IceCv)
  A queen bee (shapeshifter) (D:14)
  7 trolls
  2 queen bees
  26 jumping spiders
  21 merfolk
  11 hornets
  3 meliai (D:14)
  2 polar bears
  3 wind drakes
  4 tyrant leeches
  6 snapping turtles
  9 dream sheep
  12 blink frogs
  17 slime creatures
  A raiju (shapeshifter) (D:15)
  A snapping turtle (shapeshifter) (D:15)
  3 shadows
  6 wraiths
  35 tarantellas
  A hog (shapeshifter) (D:15)
  6 wyverns
  75 redbacks
  A fire bat (shapeshifter) (D:14)
  3 vampires
  31 yaks
  6 water elementals
  4 basilisks
  3 death yak simulacra (IceCv)
  6 vampire mosquitoes
  4 swamp worms (Gauntlet)
  7 steam dragons
  3 wargs
  4 acid dragons
  A two-headed ogre zombie (D:11)
  21 water moccasins
  A sky beast (D:7)
  A floating eye (shapeshifter) (D:15)
  An ice beast (D:8)
  52 orc warriors
  2 black bears
  11 ogres
  6 boggarts
  A necrophage (D:6)
  38 wolves
  12 centaurs
  A phantom (D:11)
  11 bullfrogs
  6 kobold brigands
  A two-headed ogre simulacrum (Orc:2)
  5 cane toad simulacra
  3 scorpions
  3 troll zombies (D:11)
  5 elephant simulacra (IceCv)
  34 killer bees
  4 wights (D:8)
  9 howler monkeys
  An electric eel (Lair:3)
  4 centaur zombies
  5 hounds
  2 bullfrog zombies (D:6)
  8 jellies
  24 orc priests
  3 bullfrog skeletons
  6 centaur skeletons
  6 iguanas
  23 orc wizards
  2 troll simulacra (Orc:2)
  2 polar bear simulacra (IceCv)
  3 spriggan simulacra
  8 wolf simulacra
  A killer bee zombie (D:7)
  4 ogre zombies (D:11)
  Robin (D:2)
  3 gnolls (D:6)
  3 howler monkey zombies
  11 adders
  2 naga simulacra (IceCv)
  A shadow imp (D:7)
  4 ufetubi
  3 dart slugs
  63 orcs
  6 ball pythons
  4 bats
  9 endoplasms
  5 giant cockroaches
  18 goblins
  11 hobgoblins
  18 kobolds
  2 quokkas
  4 frilled lizards
  A goblin zombie (D:11)
  3 hobgoblin zombies (D:11)
  3 orc skeletons (D:11)
  18 orc zombies (D:11)
  3 rats
1185 creatures vanquished.

Vanquished Creatures (others)
  A cane toad (Lair:6)
  A killer bee (D:14)
  An orc priest (D:13)
  An orc wizard (D:9)
  6 orcs
  A bush (Lair:5)
  40 fungi
  131 plants
  4 tentacles (Shoals:2)
186 creatures vanquished.

Grand Total: 1371 creatures vanquished

Notes
Turn   | Place    | Note
-------+----------+-------------------------------------------
     0 | D:1      | karrick the Gnoll Fighter began the quest for the Orb.
     0 | D:1      | Reached XP level 1. HP: 23/23 MP: 1/1
   109 | D:1      | Reached XP level 2. HP: 22/29 MP: 2/2
   805 | D:2      | Reached XP level 3. HP: 31/35 MP: 3/3
   929 | D:2      | Found Fiwicvy's Magic Scroll Shoppe.
   940 | D:2      | Reached skill level 1 in Invocations
   966 | D:2      | Bought a scroll of identify for 20 gold pieces
   980 | D:2      | Noticed Robin
  1012 | D:1      | Reached skill level 1 in Short Blades
  1012 | D:1      | Reached skill level 1 in Long Blades
  1012 | D:1      | Reached skill level 1 in Maces & Flails
  1012 | D:1      | Reached skill level 1 in Polearms
  1012 | D:1      | Reached skill level 1 in Staves
  1012 | D:1      | Reached skill level 1 in Slings
  1012 | D:1      | Reached skill level 1 in Bows
  1012 | D:1      | Reached skill level 1 in Crossbows
  1012 | D:1      | Reached skill level 1 in Throwing
  1012 | D:1      | Reached skill level 1 in Dodging
  1012 | D:1      | Reached skill level 1 in Stealth
  1012 | D:1      | Reached skill level 1 in Unarmed Combat
  1012 | D:1      | Reached skill level 1 in Spellcasting
  1012 | D:1      | Reached skill level 1 in Evocations
  1299 | D:2      | Reached XP level 4. HP: 41/41 MP: 5/5
  1311 | D:2      | Killed Robin
  1890 | D:3      | Found a faded altar of an unknown god.
  1896 | D:3      | Reached skill level 1 in Conjurations
  1896 | D:3      | Reached skill level 1 in Hexes
  1896 | D:3      | Reached skill level 1 in Summonings
  1896 | D:3      | Reached skill level 1 in Necromancy
  1896 | D:3      | Reached skill level 1 in Translocations
  1896 | D:3      | Reached skill level 1 in Transmutations
  1896 | D:3      | Reached skill level 1 in Fire Magic
  1896 | D:3      | Reached skill level 1 in Ice Magic
  1896 | D:3      | Reached skill level 1 in Air Magic
  1896 | D:3      | Reached skill level 1 in Earth Magic
  1896 | D:3      | Reached skill level 1 in Poison Magic
  1909 | D:3      | Found a faded altar of an unknown god.
  2091 | D:3      | Reached XP level 5. HP: 37/47 MP: 6/6
  3504 | D:4      | Found an iron altar of Okawaru.
  3521 | D:4      | Became a worshipper of Warmaster Okawaru
  3600 | D:5      | Entered Level 5 of the Dungeon
  3620 | D:5      | Reached XP level 6. HP: 53/53 MP: 8/8
  3843 | D:5      | Reached skill level 5 in Axes
  4306 | D:5      | Found a radiant altar of Vehumet.
  4531 | D:5      | Noticed a black bear
  4578 | D:5      | Killed a black bear
  4579 | D:5      | Reached XP level 7. HP: 56/59 MP: 10/10
  4618 | D:5      | Identified the +0 chain mail of Emne {rN++}
  4695 | D:5      | Found an ornate altar of the Wu Jian Council.
  4733 | D:5      | Found an opulent altar of Gozag.
  4848 | D:5      | Found a glowing silver altar of Zin.
  4990 | D:6      | Found a sacrificial altar of Ru.
  5133 | D:6      | Noticed a two-headed ogre
  5171 | D:7      | Reached * piety under Okawaru
  5242 | D:7      | Found a bloodstained altar of Trog.
  5301 | D:7      | Reached ** piety under Okawaru
  5302 | D:7      | Reached XP level 8. HP: 54/67 MP: 12/12
  5852 | D:7      | Found a shimmering blue altar of Sif Muna.
  6715 | D:8      | Reached XP level 9. HP: 59/72 MP: 14/14
  6738 | D:8      | HP: 3/73 [ice beast (11)]
  7587 | D:6      | Found Fuogar's Magic Scroll Shop.
  7623 | D:6      | Bought 2 scrolls of identify for 56 gold pieces
  7635 | D:6      | Found a blossoming altar of Fedhas.
  7869 | D:6      | Reached *** piety under Okawaru
  7914 | D:6      | Killed a two-headed ogre
  7914 | D:6      | Received a gift from Okawaru
  7972 | D:6      | Found a glowing golden altar of the Shining One.
  7978 | D:6      | Found a basalt altar of Yredelemnul.
  7980 | D:6      | Noticed a profane servitor
  8066 | D:6      | Reached skill level 5 in Invocations
  8345 | D:6      | Found a staircase to the Ecumenical Temple.
  8354 | Temple   | Entered the Ecumenical Temple
  8646 | D:6      | Reached **** piety under Okawaru
  8710 | D:6      | Noticed an angel
  9109 | D:9      | Found a staircase to the Lair.
  9131 | D:9      | Reached XP level 10. HP: 80/80 MP: 17/17
  9426 | D:9      | Reached skill level 5 in Short Blades
  9426 | D:9      | Reached skill level 5 in Long Blades
  9426 | D:9      | Reached skill level 5 in Maces & Flails
  9426 | D:9      | Reached skill level 5 in Polearms
  9426 | D:9      | Reached skill level 5 in Staves
  9426 | D:9      | Reached skill level 5 in Slings
  9426 | D:9      | Reached skill level 5 in Bows
  9426 | D:9      | Reached skill level 5 in Crossbows
  9426 | D:9      | Reached skill level 5 in Throwing
  9426 | D:9      | Reached skill level 5 in Dodging
  9426 | D:9      | Reached skill level 5 in Stealth
  9426 | D:9      | Reached skill level 5 in Unarmed Combat
  9426 | D:9      | Reached skill level 5 in Spellcasting
  9426 | D:9      | Reached skill level 5 in Evocations
  9539 | D:9      | Noticed a two-headed ogre
  9749 | D:9      | Killed a two-headed ogre
 10161 | D:9      | Noticed an orc high priest
 10162 | D:9      | Noticed a green ugly thing
 10213 | D:10     | Entered Level 10 of the Dungeon
 10530 | D:9      | Noticed a centaur warrior
 10597 | D:9      | Killed a centaur warrior
 10597 | D:9      | Reached ***** piety under Okawaru
 10845 | D:9      | Noticed a cyclops
 10858 | D:9      | Killed a cyclops
 11107 | D:9      | Noticed a cyclops
 11133 | D:9      | Killed a cyclops
 11133 | D:9      | Identified the +6 plate armour "Nuit" {-Tele rN+ Int+2}
                  | (Okawaru gifted it to you on level 9 of the Dungeon)
 11133 | D:9      | Received a gift from Okawaru
 11134 | D:9      | Reached XP level 11. HP: 51/87 MP: 17/19
 11537 | D:9      | Reached skill level 5 in Conjurations
 11537 | D:9      | Reached skill level 5 in Hexes
 11537 | D:9      | Reached skill level 5 in Summonings
 11537 | D:9      | Reached skill level 5 in Necromancy
 11537 | D:9      | Reached skill level 5 in Translocations
 11537 | D:9      | Reached skill level 5 in Transmutations
 11537 | D:9      | Reached skill level 5 in Fire Magic
 11537 | D:9      | Reached skill level 5 in Ice Magic
 11537 | D:9      | Reached skill level 5 in Air Magic
 11537 | D:9      | Reached skill level 5 in Earth Magic
 11537 | D:9      | Reached skill level 5 in Poison Magic
 11620 | D:9      | Noticed Maggie
 11638 | D:9      | Killed Maggie
 11865 | D:9      | Killed a green ugly thing
 11974 | D:9      | Noticed a two-headed ogre
 12441 | D:9      | Noticed a manticore
 12455 | D:9      | Killed a manticore
 12520 | D:9      | Noticed Joseph
 12684 | D:10     | Upgraded the game from 0.28-a0-1206-g193881aaa2 to
                  | 0.28-a0-1227-ga9037bb4c8
 12729 | D:10     | Noticed a centaur warrior
 12732 | D:10     | Noticed a centaur warrior
 12732 | D:10     | Noticed a manticore
 12733 | D:10     | Noticed a death knight
 12734 | D:10     | Noticed a catoblepas
 12752 | D:10     | Noticed a centaur warrior
 12766 | D:10     | Noticed a red ugly thing
 12783 | D:10     | Identified the +11 spear "Uwoub" {vorpal, rC+ Str+4}
 13090 | D:10     | Noticed Josephine
 13621 | D:11     | Found a staircase to the Orcish Mines.
 13938 | D:11     | Identified the ring of Youthful Indiscretion {Fly rC+}
 14056 | D:11     | Noticed a two-headed ogre
 14063 | D:11     | Noticed a five-headed hydra
 14067 | D:11     | Killed a two-headed ogre
 14076 | D:11     | Killed a five-headed hydra
 14658 | D:11     | Noticed a boulder beetle
 14667 | D:11     | Noticed a two-headed ogre
 14722 | D:11     | Killed a boulder beetle
 14723 | D:11     | Reached XP level 12. HP: 48/96 MP: 22/22
 14903 | D:11     | Killed a two-headed ogre
 15029 | D:12     | Found a runed translucent gate.
 15029 | D:12     | Found a runed translucent gate.
 15029 | D:12     | Found a runed translucent gate.
 15055 | D:12     | Noticed a boulder beetle
 15087 | D:12     | Killed a boulder beetle
 15309 | D:12     | Found an opulent altar of Gozag.
 15310 | D:12     | Noticed a deep elf knight
 15312 | D:12     | Noticed a centaur warrior
 15312 | D:12     | Noticed Koromur's ghost (journeyman DrDe)
 15588 | D:12     | Noticed a six-headed hydra
 15598 | D:12     | Killed a six-headed hydra
 16114 | D:13     | Identified the +11 quarterstaff of Okawaru's Reproof {holy,
                  | rPois rC- rCorr Str+6} (Okawaru gifted it to you on level
                  | 13 of the Dungeon)
 16114 | D:13     | Received a gift from Okawaru
 16119 | D:13     | Noticed a boulder beetle
 16692 | Orc:1    | Entered Level 1 of the Orcish Mines
 16896 | Lair:1   | Entered Level 1 of the Lair of Beasts
 17342 | Lair:1   | Found a snail-covered altar of Cheibriados.
 17457 | Lair:1   | Noticed a four-headed hydra
 17472 | Lair:1   | Killed a four-headed hydra
 17473 | Lair:1   | Reached skill level 10 in Fighting
 17473 | Lair:1   | Reached skill level 10 in Armour
 17473 | Lair:1   | Reached skill level 10 in Shields
 18839 | Lair:2   | Noticed a six-headed hydra
 18847 | Lair:2   | Killed a six-headed hydra
 19333 | Lair:2   | Reached XP level 13. HP: 103/103 MP: 24/24
 19347 | Lair:2   | Reached ****** piety under Okawaru
 20258 | Lair:3   | Found a staircase to the Shoals.
 20475 | Lair:3   | Received a gift from Okawaru
 20802 | Lair:3   | Noticed a dire elephant
 21122 | Lair:3   | Killed a dire elephant
 21455 | Lair:3   | Received a gift from Okawaru
 21615 | Lair:3   | Identified the ring of Xauhucai {rC+ Str+2}
 21620 | Lair:3   | Identified a scroll of acquirement
 21779 | Lair:3   | Acquired 659 gold pieces
 22014 | Lair:4   | Received a gift from Okawaru
 23273 | Lair:4   | Found a hole to the Spider Nest.
 23354 | Lair:4   | Learned a level 2 spell: Blink
 23360 | Lair:4   | Learned a level 5 spell: Manifold Assault
 23373 | Lair:4   | Reached skill level 10 in Axes
 23555 | Lair:5   | Found a gate leading to a gauntlet.
 23584 | Lair:5   | Reached XP level 14. HP: 107/113 MP: 23/26
 23713 | Gauntlet | Entered a Gauntlet
 23713 | Gauntlet | Found a transporter.
 23819 | Gauntlet | Found a large runed translucent door.
 23829 | Gauntlet | Found a transporter.
 23831 | Gauntlet | Found a transporter.
 23833 | Gauntlet | Found a transporter.
 23835 | Gauntlet | Noticed a cacodemon
 23855 | Gauntlet | Found a transporter.
 23864 | Gauntlet | Found a transporter.
 23870 | Gauntlet | Found a transporter.
 23885 | Gauntlet | Found a transporter.
 23904 | Gauntlet | Found a transporter.
 23935 | Gauntlet | Found a transporter.
 23967 | Gauntlet | Found a transporter.
 23973 | Gauntlet | Found a transporter.
 23999 | Gauntlet | Found a transporter.
 24005 | Gauntlet | Found a transporter.
 24007 | Gauntlet | Found a transporter.
 24009 | Gauntlet | Found a large runed translucent door.
 24009 | Gauntlet | Found a large runed translucent door.
 24010 | Gauntlet | Found a large runed translucent door.
 24010 | Gauntlet | Found a large runed translucent door.
 24031 | Gauntlet | Found a transporter.
 24037 | Gauntlet | Found a transporter.
 24091 | Gauntlet | Found a transporter.
 24093 | Gauntlet | Found a runed translucent gate.
 24093 | Gauntlet | Found a runed translucent gate.
 24093 | Gauntlet | Found a runed translucent gate.
 24096 | Gauntlet | Found a large runed translucent door.
 24097 | Gauntlet | Found a large runed translucent door.
 24103 | Gauntlet | Found a large runed translucent door.
 24103 | Gauntlet | Found a large runed translucent door.
 24104 | Gauntlet | Found a large runed translucent door.
 24104 | Gauntlet | Found a large runed translucent door.
 24109 | Gauntlet | Found a large runed translucent door.
 24109 | Gauntlet | Found a large runed translucent door.
 24109 | Gauntlet | Found a runed translucent door.
 24109 | Gauntlet | Found a runed translucent door.
 24110 | Gauntlet | Found a large runed translucent door.
 24135 | Gauntlet | Found a large runed translucent door.
 24153 | Gauntlet | Found a large runed translucent door.
 24153 | Gauntlet | Identified the ring of the Demon Prince {rElec rC+ Str-4
                  | Dex+4}
 24218 | Gauntlet | Identified the ring "Luch" {Dex+7 SInv}
 24284 | Gauntlet | Identified the +0 pair of boots of Jegih {Stlth+}
 24395 | Gauntlet | Identified the +11 broad axe of the Hidden Teeth {freeze,
                  | +Blink rF+ SInv}
 24416 | Gauntlet | Identified the +11 battleaxe "Dragonbane" {venom, rPois
                  | Str+2 Int-3}
 25317 | Lair:5   | Reached skill level 10 in Invocations
 25640 | Lair:5   | Received a gift from Okawaru
 25929 | Lair:6   | Entered Level 6 of the Lair of Beasts
 26286 | Lair:6   | Found a staircase to the Slime Pits.
 26712 | Lair:6   | Found a runed translucent door.
 26906 | Lair:6   | Received a gift from Okawaru
 27418 | Lair:6   | Reached XP level 15. HP: 103/120 MP: 28/28
 27631 | Lair:6   | Identified the +2 pair of gloves of Madghallu {Will- Dex+4
                  | Stlth+} (Okawaru gifted it to you on level 6 of the Lair of
                  | Beasts)
 27631 | Lair:6   | Received a gift from Okawaru
 28241 | Lair:5   | Learned a level 3 spell: Teleport Other
 29257 | D:9      | Killed Joseph
 29332 | Orc:1    | Paralysed by an orc sorcerer for 5 turns
 29334 | Orc:1    | Noticed an orc warlord
 29530 | D:11     | Reached skill level 10 in Short Blades
 29530 | D:11     | Reached skill level 10 in Long Blades
 29530 | D:11     | Reached skill level 10 in Maces & Flails
 29530 | D:11     | Reached skill level 10 in Polearms
 29530 | D:11     | Reached skill level 10 in Staves
 29530 | D:11     | Reached skill level 10 in Slings
 29530 | D:11     | Reached skill level 10 in Bows
 29530 | D:11     | Reached skill level 10 in Crossbows
 29530 | D:11     | Reached skill level 10 in Throwing
 29530 | D:11     | Reached skill level 10 in Dodging
 29530 | D:11     | Reached skill level 10 in Stealth
 29530 | D:11     | Reached skill level 10 in Unarmed Combat
 29530 | D:11     | Reached skill level 10 in Spellcasting
 29530 | D:11     | Reached skill level 10 in Evocations
 29636 | D:11     | Paralysed by an orc sorcerer for 6 turns
 29935 | D:10     | Found a white marble altar of Elyvilon.
 30127 | D:10     | Found a hide-covered altar of Uskayaw.
 31245 | D:10     | Identified the amulet of Dooxihip {Reflect Will+ Str+3
                  | SH+5}
 31561 | D:13     | Noticed an orc warlord
 31586 | D:13     | Killed an orc warlord
 32282 | D:13     | Received a gift from Okawaru
 33338 | D:14     | Received a gift from Okawaru
 33596 | D:14     | Found a gate to the Vaults.
 33677 | D:14     | Reached XP level 16. HP: 128/128 MP: 30/30
 33691 | D:15     | Entered Level 15 of the Dungeon
 33941 | D:15     | Received a gift from Okawaru
 34363 | D:15     | Found a white marble altar of Elyvilon.
 34453 | D:15     | Received a gift from Okawaru
 34579 | D:15     | Found a staircase to the Depths.
 34796 | D:15     | Acquired the +1 cloak "Tishrokigir" {rElec rF+ Str+3 Int+2}
 35130 | D:15     | Found a runed translucent gate.
 35130 | D:15     | Found a runed translucent gate.
 35130 | D:15     | Found a runed translucent gate.
 35130 | D:15     | Noticed a lich
 35131 | D:15     | Found an ancient bone altar of Kikubaaqudgha.
 35131 | D:15     | Noticed Ujot's ghost (journeyman DsGl)
 35131 | D:15     | Noticed a lich
 35131 | D:15     | Found the +7 captain's cutlass {speed, disarm}
 35132 | D:15     | Noticed a lich
 35132 | D:15     | Noticed a lich
 36622 | D:14     | Received a gift from Okawaru
 38052 | D:12     | Killed Koromur's ghost
 38626 | Orc:2    | Entered Level 2 of the Orcish Mines
 38785 | Orc:2    | Found a frozen archway.
 38817 | IceCv    | Entered an ice cave
 39460 | IceCv    | Found an ancient bone altar of Kikubaaqudgha.
 40952 | IceCv    | Received a gift from Okawaru
 40971 | IceCv    | Identified the ring "Ytoux" {rPois rN+ Str+4 Int-2 Slay+5}
 40978 | IceCv    | Got Axaopyxt's Compendium of the Snowflakes
 41504 | Orc:2    | Found a staircase to the Elven Halls.
 41612 | Orc:2    | Found Qatipaff's General Store.
 41613 | Orc:2    | Found Hanim's General Store.
 41621 | Orc:2    | Reached XP level 17. HP: 136/136 MP: 30/32
 41686 | Orc:2    | Bought 2 scrolls of teleportation for 84 gold pieces
 41690 | Orc:2    | Bought a scroll of identify for 28 gold pieces
 41855 | Orc:2    | Paralysed by an orc sorcerer for 2 turns
 42516 | Orc:2    | Found Jucs's Book Emporium.
 42516 | Orc:2    | Found a one-way gate leading to the halls of Pandemonium.
 42516 | Orc:2    | Found Ruirruj's Antique Weapon Shoppe.
 42525 | Orc:2    | Bought a scorched hand axe for 176 gold pieces
 42525 | Orc:2    | Identified the +11 hand axe of Enadush {speed, rPois
                  | Stlth+} (You bought it in a shop on level 2 of the Orcish
                  | Mines)
 42560 | Orc:2    | Bought a manual of Fire Magic for 800 gold pieces
 42798 | Elf:1    | Entered Level 1 of the Elven Halls
 42831 | Orc:1    | Noticed Harold
 42845 | Orc:1    | Killed Harold
 43180 | Orc:1    | Noticed Snorg
 43189 | Orc:1    | Killed Snorg
 43477 | Shoals:1 | Entered Level 1 of the Shoals
 43498 | Shoals:1 | Reached skill level 10 in Fire Magic
 43695 | Shoals:1 | Received a gift from Okawaru
 43704 | Shoals:1 | Acquired the +0 tower shield "Udalal" {+Blink +Inv rElec
                  | Str+2}
 43950 | Shoals:1 | Noticed a titan
 43978 | Shoals:1 | Killed a titan
 43979 | Shoals:1 | Reached skill level 10 in Conjurations
 43979 | Shoals:1 | Reached skill level 10 in Hexes
 43979 | Shoals:1 | Reached skill level 10 in Summonings
 43979 | Shoals:1 | Reached skill level 10 in Necromancy
 43979 | Shoals:1 | Reached skill level 10 in Translocations
 43979 | Shoals:1 | Reached skill level 10 in Transmutations
 43979 | Shoals:1 | Reached skill level 10 in Ice Magic
 43979 | Shoals:1 | Reached skill level 10 in Air Magic
 43979 | Shoals:1 | Reached skill level 10 in Earth Magic
 43979 | Shoals:1 | Reached skill level 10 in Poison Magic
 45098 | Shoals:2 | Received a gift from Okawaru
 45231 | Shoals:2 | Noticed a kraken
 45240 | Shoals:2 | Killed a kraken
 46946 | Shoals:3 | Reached XP level 18. HP: 134/144 MP: 34/34
 47971 | Shoals:4 | Entered Level 4 of the Shoals
 48132 | Spider:1 | Entered Level 1 of the Spider Nest
 48138 | Spider:1 | Identified the +1 helmet of Light {MP-9 Dex+4 SInv}
                  | (Okawaru gifted it to you on level 1 of the Spider Nest)
 48138 | Spider:1 | Received a gift from Okawaru
 50113 | Spider:2 | Noticed Arachne
 50716 | Spider:3 | Received a gift from Okawaru
 51060 | Spider:3 | Received a gift from Okawaru
 51178 | Spider:3 | Identified the +4 scale mail of the Furies {Contam Fly
                  | Dex+2}
 53057 | Spider:4 | Entered Level 4 of the Spider Nest
 53118 | Spider:4 | Blown up by an orb spider

Illustrated notes

Levels and vault maps discovered:
D:1:      mushboom_english_gardens, layout_rooms
D:2:      layout_rooms, serial_shops, shop, minivault_24, uniq_robin
D:3:      layout_loops_cross, hellmonk_ecumenical_altar_the_god_not_taken
D:4:      minmay_wonky_spiral, layout_rooms, okawaru_altar_gauntlet_db
D:5:      layout_basic, nicolae_vehumet_radiance, zin_treasury,
          mainiacjoe_overflow_two_lobes, saegor_snake_ambush
D:6:      minmay_skewed_foursquare, layout_loops_cross,
          grunt_temple_overflow_holy_war, fedhas_altar_1,
          mainiacjoe_overflow_surrounded_room, serial_shops, shop,
          grunt_ministairs_15, minmay_pentangle
D:7:      layout_rooms, overflow_temple_1_default,
          nicolae_overflow_crystal_walls, dk_noncrumbling_4
D:8:      layout_basic
D:9:      nzn_winding_woodlands_three_and_one
          [nzn_winding_woodlands_5x15_sawtooth,
          nzn_winding_woodlands_5x15_jagged, nzn_winding_woodlands_5x15_pockets,
          nzn_winding_woodlands_center_triple_pond], layout_basic,
          lair_entry_dummy, uniq_maggie, uniq_joseph
D:10:     layout_long_grid, marbit_many_paths,
          mainiacjoe_overflow_six_doors_small, st_stairs_5, minivault_12,
          uniq_josephine
D:11:     layout_irregular_city, zombieorc2_lemuel
D:12:     layout_gridville, ebering_ghost_gozag
D:13:     orc_temple, layout_rooms, grunt_ministairs_5
D:14:     regret_index_wax_grids, layout_grid_maze,
          hangedman_vaults_entry_quadrant_bands
D:15:     hangedman_depths_entry_try_elsewhere_first, layout_loops_ring,
          elyvilon_altar_1, gammafunk_ghost_crypt
Temple:   nicolae_temple_figure_zero
Lair:1:   layout_gridlike, lemuel_altar_in_water2
Lair:2:   layout_cave_pods
Lair:3:   layout_hall_layers, minmay_shoals_entry_lonely_mermaid,
          nicolae_lair_lakeside_cave
Lair:4:   layout_cellular_growth, dummy_spider_entry
Lair:5:   layout_long_grid, serial_forest, infiniplex_forest_lined_corner,
          infiniplex_forest_lined_corner, infiniplex_forest_split,
          infiniplex_forest_clump_small, infiniplex_forest_lined_1,
          infiniplex_forest_end_3, gauntlet_entry_generic
Lair:6:   guppyfry_lair_end_dragon, layout_small_grid, wormcave,
          nicolae_slime_entry_slimehenge, grunt_forest_large_clearings,
          grunt_megastairs_4
Shoals:1: cheibrodos_shoals_gigantism, layout_shoals
Shoals:2: layout_shoals
Shoals:3: layout_shoals
Shoals:4: shoals_end_grunt_garden, layout_shoals, serial_shops,
          nicolae_lakefront_shop
Spider:1: layout_spider_delve
Spider:2: nicolae_spider_hilbert_zone_5 [nicolae_spider_hilbert_3_sides_1_open,
          nicolae_spider_hilbert_4_sides_1_open,
          nicolae_spider_hilbert_4_sides_1_open,
          nicolae_spider_hilbert_6_sides_1_open,
          nicolae_spider_hilbert_6_sides_1_open],
          nicolae_spider_nooks_and_crannies, uniq_arachne
Spider:3: layout_chambers, drop_trap, spiders_nest_ghost_moth_duel
Spider:4: spider_rune_water
Orc:1:    layout_caves, elves_outpost_lemuel, uniq_harold, uniq_snorg
Orc:2:    pf_orc_diabolical, layout_diamond_mine,
          portal_ice_cave_entry_ice_simulacra, special_room
Elf:1:    elf_arrival_002, layout_rooms, kennysheep_underground_church,
          roderic_lattice_octagonal_star, uniq_azrael, uniq_aizul

Skill      XL: |  1  2  3  4  5  6  7  8  9 10 11 12 13 14 15 16 17 18 |
---------------+-------------------------------------------------------+-----
Invocations    | 1 2 3 4 5 6 7 8 9 10 11 12 13 | 13.8
Short Blades   | 1 2 3 4 5 6 7 8 9 10 11 12 | 12.7
Long Blades    | 1 2 3 4 5 6 7 8 9 10 11 12 | 12.7
Maces & Flails | 1 2 3 4 5 6 7 8 9 10 11 12 | 12.7
Polearms       | 1 2 3 4 5 6 7 8 9 10 11 12 | 12.7
Staves         | 1 2 3 4 5 6 7 8 9 10 11 12 | 12.7
Slings         | 1 2 3 4 5 6 7 8 9 10 11 12 | 12.7
Bows           | 1 2 3 4 5 6 7 8 9 10 11 12 | 12.7
Crossbows      | 1 2 3 4 5 6 7 8 9 10 11 12 | 12.7
Throwing       | 1 2 3 4 5 6 7 8 9 10 11 12 | 12.7
Dodging        | 1 2 3 4 5 6 7 8 9 10 11 12 | 12.7
Stealth        | 1 2 3 4 5 6 7 8 9 10 11 12 | 12.7
Unarmed Combat | 1 2 3 4 5 6 7 8 9 10 11 12 | 12.7
Spellcasting   | 1 2 3 4 5 6 7 8 9 10 11 12 | 12.7
Evocations     | 1 2 3 4 5 6 7 8 9 10 11 12 | 12.7
Conjurations   | 1 2 3 4 5 6 7 8 9 10 | 10.8
Hexes          | 1 2 3 4 5 6 7 8 9 10 | 10.8
Summonings     | 1 2 3 4 5 6 7 8 9 10 | 10.8
Necromancy     | 1 2 3 4 5 6 7 8 9 10 | 10.8
Translocations | 1 2 3 4 5 6 7 8 9 10 | 10.8
Transmutations | 1 2 3 4 5 6 7 8 9 10 | 10.8
Fire Magic     | 1 2 3 4 5 6 7 8 9 10 11 | 11.7
Ice Magic      | 1 2 3 4 5 6 7 8 9 10 | 10.8
Air Magic      | 1 2 3 4 5 6 7 8 9 10 | 10.8
Earth Magic    | 1 2 3 4 5 6 7 8 9 10 | 10.8
Poison Magic   | 1 2 3 4 5 6 7 8 9 10 | 10.8
Axes           | 5 6 7 8 9 10 11 12 13 | 13.5
Fighting       | 7 8 9 10 11 12 13 14 | 14.2
Armour         | 7 8 9 10 11 12 13 14 | 14.2
Shields        | 7 8 9 10 11 12 13 14 | 14.2

Action                   |  1- 3 |  4- 6 |  7- 9 | 10-12 | 13-15 | 16-18 || total
-------------------------+-------+-------+-------+-------+-------+-------++-------
Melee: War axe           |    78 |   228 |    12 |       |       |       ||   318
       Bite              |     7 |    20 |    70 |   151 |   249 |   302 ||   799
       Whip              |       |       |   442 |   382 |       |       ||   824
       Spear             |       |       |       |   507 |   501 |     4 ||  1012
       Morningstar       |       |       |       |    59 |       |       ||    59
       Battleaxe         |       |       |       |       |   932 |  1447 ||  2379
       Quarterstaff      |       |       |       |       |    75 |   206 ||   281
Throw: Javelin           |       |       |       |       |     4 |    14 ||    18
 Cast: Blink             |       |       |       |       |     1 |       ||     1
Invok: Heroism           |       |       |     4 |    14 |    21 |    18 ||    57
       Finesse           |       |       |       |       |       |     1 ||     1
Evoke: Wand              |       |       |       |       |     4 |       ||     4
  Use: Scroll            |       |     2 |       |    18 |    14 |    14 ||    48
       Potion            |       |     1 |     6 |       |     5 |     3 ||    15
 Stab: Sleeping          |       |       |     4 |    12 |    16 |    34 ||    66
       Distracted        |       |       |     2 |     2 |     5 |    12 ||    21
       Petrified         |       |       |       |       |     8 |     7 ||    15
Armor: Scale mail        |    45 |    48 |       |       |       |       ||    93
       Ring mail         |       |    49 |   183 |   162 |       |       ||   394
       Swamp dragon scal |       |       |       |    30 |   725 |   793 ||  1548
Dodge: Dodged            |    36 |    94 |   220 |   367 |  1358 |  2153 ||  4228
Block: Buckler           |    24 |    75 |   119 |   204 |   105 |       ||   527
       Other             |       |       |       |       |    85 |   497 ||   582
       Reflection        |       |       |       |       |     4 |     6 ||    10

Table legend: (Time is in decaauts)
 A = Elapsed time spent in this place.
 B = Non-inter-level travel time spent in this place.
 C = Inter-level travel time spent in this place.
 D = Time resting spent in this place.
 E = Time spent auto-exploring this place.
 F = Levels seen in this place.
 G = Mean time per level.
                   A        B        C        D        E       F      G
               +--------+--------+--------+--------+--------+-----+--------+
         Total |  52876 |  50893 |   1983 |   6737 |  32540 |  35 | 1510.7 |
       Dungeon |  26279 |  25187 |   1092 |   3132 |  16540 |  15 | 1751.9 |
        Temple |    123 |    114 |      9 |      0 |    112 |   1 |  123.0 |
          Lair |  11002 |  10494 |    508 |    962 |   7181 |   6 | 1833.7 |
        Shoals |   4599 |   4406 |    193 |    996 |   2563 |   4 | 1149.8 |
   Spider Nest |   4976 |   4885 |     91 |      0 |   3885 |   4 | 1244.0 |
  Orcish Mines |   2709 |   2620 |     89 |    420 |   1433 |   2 | 1354.5 |
   Elven Halls |      2 |      2 |      0 |      0 |      0 |   1 |    2.0 |
      Ice Cave |   2232 |   2232 |      0 |   1142 |    502 |   1 | 2232.0 |
      Gauntlet |    950 |    950 |      0 |     85 |    323 |   1 |  950.0 |
               +--------+--------+--------+--------+--------+-----+--------+

Top non-repeatable levels by time:
     D:9: 3664 daAuts
    D:14: 2858 daAuts
Spider:3: 2562 daAuts
  Lair:6: 2461 daAuts
    D:10: 2448 daAuts
  Lair:3: 2398 daAuts
    D:12: 2347 daAuts
   IceCv: 2232 daAuts
     D:8: 2105 daAuts
   Orc:2: 1948 daAuts
    D:11: 1946 daAuts
    D:15: 1825 daAuts
Shoals:1: 1750 daAuts
Shoals:2: 1695 daAuts
  Lair:4: 1675 daAuts
